 Seeded DCSS version 0.31.0-12-g77e489cdc1 (webtiles) character file.

Game seed: 6818784277869905886 (custom seed)

10272 n00bmints the Basher (level 11, 0/101 HPs)
             Began as a Minotaur Berserker on Feb 17, 2024.
             Was a Priest of Trog.
             Slain by a cane toad (11 damage)
             ... on level 2 of the Lair of Beasts.
             The game lasted 00:49:14 (8951 turns).

n00bmints the Basher (Minotaur Berserker)           Turns: 8951, Time: 00:49:14

Health: 0/101      AC: 20    Str: 23    XL:     11   Next: 34%
Magic:  10/10      EV:  8    Int:  8    God:    Trog [***...]
Gold:   421        SH:  0    Dex: 19    Spells: 10/10 levels left

rFire   . . .        z - +1 morningstar (drain)
rCold   . . .        (no shield)
rNeg    . . .        F - +3 plate armour {Will+}
rPois   .            (helmet unavailable)
rElec   .            (no cloak)
rCorr   .            (no gloves)
SInv    .            (no boots)
Will    +....        w - amulet of regeneration Stlth
                     v - +6 ring of intelligence
HPRegen 1.16/turn    (no ring)
MPRegen 0.12/turn

%: no passive effects
@: lethally poisoned (0 -> -2), marked, on berserk cooldown, slowed, very slow
A: horns 3, retaliatory headbutt, iridescent scales 1, agile 2, sense
surroundings 1, MP-powered wands
a: Renounce Religion, Berserk, Trog's Hand


You were on level 2 of the Lair of Beasts.
You worshipped Trog.
Trog was most pleased with you.
You visited 2 branches of the dungeon, and saw 11 of its levels.

You collected 575 gold pieces.
You spent 154 gold pieces at shops.

Inventory:

Hand Weapons
 n - a +0 battleaxe
 z - a +1 morningstar of draining (weapon)
Armour
 F - a +3 plate armour of willpower (worn)
Jewellery
 d - an amulet of magic regeneration
 e - an amulet of the acrobat
 v - a +6 ring of intelligence (left hand)
 w - an amulet of regeneration (around neck)
Talismans
 y - a granite talisman
Wands
 D - a wand of digging (4)
Scrolls
 b - 2 scrolls of fog
 c - a scroll of noise
 f - a scroll of poison {unknown}
 h - 4 scrolls of teleportation
 l - 2 scrolls of revelation
 m - a scroll of immolation {unknown}
 q - a scroll of torment
 B - 3 scrolls of summoning
 E - a scroll of fear
Potions
 a - a potion of invisibility {unknown}
 g - 3 potions of curing (quivered)
 i - a potion of lignification {unknown}
 j - 3 potions of brilliance
 k - 2 potions of heal wounds {unknown}
 o - 2 potions of degeneration {unknown}
 p - 3 potions of attraction
 r - 2 potions of might
 x - a potion of magic {unknown}
 A - a potion of enlightenment {unknown}


   Skills:
 * Level 10.8 Fighting
 * Level 14.4 Maces & Flails
 * Level 12.3 Armour
 + Level 2.5 Dodging
 - Level 0.2 Stealth
 + Level 2.2 Shields


You had 10 spell levels left.
You didn't know any spells.
Your spell library was empty.

Dungeon Overview and Level Annotations

Branches:
Dungeon (9/15)             Temple (0/1) D:6            Lair (2/5) D:9
  Swamp: Lair:2-3    Shoals: Lair:2-3     Snake: Lair:2-3    Spider: Lair:2-3
    Orc: D:9-12

Altars:
Fedhas
Gozag
Nemelex Xobeh
Ru
Trog
Xom
Jiyva

Shops:
D:6 !

Annotations:
Lair:2 Harold


Innate Abilities, Weirdness & Mutations

You have a pair of large horns on your head.
You reflexively headbutt those who attack you in melee.
You are partially covered in iridescent scales. (AC +2)
You are very agile. (Dex +8, Str/Int -2)
You passively map a small area around you.
You expend magic power (3 MP) to strengthen your wands.


Message History

The wyvern bites you.
The blink frog blinks!
A yak comes into view.
The blink frog hits you but does no damage. x2
The blink frog hits you.
The wyvern bites you but does no damage.
The blink frog blinks!
A cane toad comes into view.
The blink frog hits you but does no damage.
The wyvern bites you.
The blink frog blinks!
The blink frog hits you but does no damage.
Harold casts a spell at you. The mark upon you grows brighter.
The blink frog hits you but does no damage.
The wyvern bites you! The blink frog hits you!
* * * LOW HITPOINT WARNING * * *
The blink frog blinks!
Your surroundings suddenly seem different.
A cane toad comes into view.
Found the Grimoire of the Displaced Oath and a blackened bronze ring.
The cane toad gives a loud, deep croak!
You hit the cane toad. You drain the cane toad.
The cane toad is lightly wounded.
The cane toad stings you.
* * * LOW HITPOINT WARNING * * *
You are poisoned.
The cane toad poisons you!
You barely miss the cane toad.
The cane toad is lightly wounded.
You feel very sick. The cane toad closely misses you.
The cane toad barely misses you. You furiously retaliate!
You headbutt the cane toad. You thump the cane toad! You drain the cane toad.
The cane toad is severely wounded.
You feel very sick.
The cane toad stings you but does no damage.
You hit the cane toad.
The cane toad is severely wounded.
You feel very sick. The cane toad stings you!
You die...

* ## *
##.#.#.########
,
#......@......#
,
.+.....F.......
,
.............+.
, >
.#...........P#
#=........:.##
* ####.##..#+##
* * , ##* ###,
* * , , *


You could see a cane toad (drained).

Vanquished Creatures
  The ghost of Fractals the Mimic, a journeyman DsSh of Gozag (Lair:1)
  A glowing orange brain (Lair:1)
  A manticore (D:6)
  A black mamba (Lair:1)
  Joseph (D:8)
  4 cane toads (Lair:1)
  5 komodo dragons
  A polar bear (Lair:2)
  3 slime creatures (Lair:1)
  A wyvern (Lair:1)
  2 basilisks (Lair:1)
  8 yaks
  6 water moccasins
  3 orc warriors (D:8)
  3 ice beasts (D:5)
  A black bear (D:6)
  3 ogres
  2 phantoms
  5 bullfrogs
  5 scorpions
  3 wights (D:6)
  2 howler monkeys
  5 hounds
  A bombardier beetle (D:3)
  5 jellies
  A gnoll bouda (D:9)
  2 orc priests
  4 iguanas
  A sleepcap (D:7)
  4 orc wizards
  3 gnolls (D:9)
  9 adders
  2 white imps
  A dart slug (D:3)
  4 ribbon worms
  14 orcs
  11 endoplasms
  3 giant cockroaches
  8 goblins
  6 hobgoblins
  4 quokkas (D:1)
  7 ball pythons
  3 bats
  4 frilled lizards
  5 kobolds
  7 rats
176 creatures vanquished.

Notes
Turn   | Place    | Note
-------+----------+-------------------------------------------
     0 | D:1      | n00bmints the Minotaur Berserker began the quest for the
                  | Orb.
     0 | D:1      | Reached XP level 1. HP: 19/19 MP: 0/0
   127 | D:1      | Reached XP level 2. HP: 22/27 MP: 1/1
   256 | D:1      | Reached skill level 4 in Maces & Flails
   410 | D:1      | Reached ** piety under Trog
   414 | D:1      | Reached XP level 3. HP: 30/34 MP: 2/2
  1806 | D:3      | Reached skill level 5 in Maces & Flails
  1806 | D:3      | Reached XP level 4. HP: 41/41 MP: 3/3
  1811 | D:3      | Found a faded altar of an unknown god.
  2510 | D:4      | Noticed a scorpion
  2518 | D:4      | Killed a scorpion
  2519 | D:4      | Reached XP level 5. HP: 47/47 MP: 4/4
  2600 | D:4      | Reached skill level 5 in Fighting
  2691 | D:4      | Found a blossoming altar of Fedhas.
  2888 | D:4      | Reached skill level 6 in Maces & Flails
  2904 | D:4      | Reached XP level 6. HP: 56/56 MP: 5/5
  3292 | D:5      | Entered Level 5 of the Dungeon
  3393 | D:5      | Noticed an ice beast
  3404 | D:5      | Killed an ice beast
  3468 | D:5      | Noticed an ice beast
  3474 | D:5      | Killed an ice beast
  3475 | D:5      | Reached skill level 5 in Armour
  3475 | D:5      | Reached skill level 1 in Shields
  3566 | D:5      | Noticed an ice beast
  3575 | D:5      | Killed an ice beast
  3576 | D:5      | Reached skill level 7 in Maces & Flails
  3576 | D:5      | Reached XP level 7. HP: 61/61 MP: 6/6
  3764 | D:5      | Reached skill level 8 in Maces & Flails
  3818 | D:5      | Found an opulent altar of Gozag.
  4026 | D:5      | Reached XP level 8. HP: 70/70 MP: 7/7
  4514 | D:6      | Found Geiqos's Distillery.
  4605 | D:6      | Bought a potion of curing for 33 gold pieces
  4605 | D:6      | Bought a potion of curing for 33 gold pieces
  4660 | D:6      | Reached skill level 9 in Maces & Flails
  4735 | D:6      | Noticed a manticore
  4753 | D:6      | Killed a manticore
  4757 | D:6      | Reached skill level 10 in Maces & Flails
  4915 | D:6      | Found a staircase to the Ecumenical Temple.
  4951 | D:6      | Reached XP level 9. HP: 79/79 MP: 8/8
  5023 | D:6      | Found a sand-covered staircase.
  5189 | D:6      | Found a shimmering altar of Xom.
  5416 | D:6      | Reached *** piety under Trog
  5425 | D:6      | Bought a potion of mutation for 88 gold pieces
  5516 | D:6      | Gained mutation: You are strong-willed. (Will+) [potion of
                  | mutation]
  5516 | D:6      | Gained mutation: You expend magic power (3 MP) to
                  | strengthen your wands. [potion of mutation]
  5516 | D:6      | Gained mutation: You have sharp toenails. [potion of
                  | mutation]
  5517 | D:6      | Lost mutation: You have sharp toenails. [potion of
                  | mutation]
  5517 | D:6      | Lost mutation: You are strong-willed. (Will+) [potion of
                  | mutation]
  5517 | D:6      | Gained mutation: You are partially covered in iridescent
                  | scales. (AC +2) [potion of mutation]
  5517 | D:6      | Gained mutation: You passively map a small area around you.
                  | [potion of mutation]
  5517 | D:6      | Gained mutation: You are agile. (Dex +4, Str/Int -1)
                  | [potion of mutation]
  5517 | D:6      | Gained mutation: You have hidden genetic potential. [potion
                  | of mutation]
  5959 | D:7      | Identified the +6 sling of the Moon {heavy, rC+++ Will-
                  | Dex+9 Stlth-}
  6134 | D:8      | Noticed Joseph
  6152 | D:8      | Reached skill level 11 in Maces & Flails
  6167 | D:8      | Killed Joseph
  6586 | D:8      | Found a bloodstained altar of Trog.
  6609 | D:8      | Reached skill level 10 in Armour
  6613 | D:8      | Reached XP level 10. HP: 67/90 MP: 9/9
  6668 | D:8      | Found a sparkling altar of Nemelex Xobeh.
  6672 | D:8      | Found a sacrificial altar of Ru.
  7198 | D:9      | Reached skill level 12 in Maces & Flails
  7298 | D:9      | Gained mutation: You are very agile. (Dex +8, Str/Int -2)
                  | [hidden potential]
  7383 | D:9      | Found a staircase to the Lair.
  7418 | Lair:1   | Entered Level 1 of the Lair of Beasts
  7418 | Lair:1   | Noticed a cane toad
  7432 | Lair:1   | Killed a cane toad
  7617 | Lair:1   | Noticed a cane toad
  7623 | Lair:1   | Killed a cane toad
  7624 | Lair:1   | Reached skill level 13 in Maces & Flails
  7955 | Lair:1   | Found a runed translucent gate.
  7955 | Lair:1   | Found a runed translucent gate.
  7955 | Lair:1   | Found a runed translucent gate.
  7958 | Lair:1   | Noticed a glowing orange brain
  7958 | Lair:1   | Noticed Fractals's ghost (journeyman DsSh)
  8072 | Lair:1   | Noticed a cane toad
  8076 | Lair:1   | Killed a cane toad
  8077 | Lair:1   | Reached skill level 10 in Fighting
  8121 | Lair:1   | Noticed a cane toad
  8131 | Lair:1   | Killed a cane toad
  8349 | Lair:1   | Noticed a black mamba
  8354 | Lair:1   | Killed a black mamba
  8355 | Lair:1   | Reached XP level 11. HP: 91/101 MP: 10/10
  8384 | Lair:1   | Gained mutation: You have a pair of large horns on your
                  | head. [hidden potential]
  8384 | Lair:1   | Lost mutation: You have hidden genetic potential. [hidden
                  | potential expressed]
  8676 | Lair:1   | Found a viscous altar of Jiyva.
  8773 | Lair:1   | Killed Fractals's ghost
  8774 | Lair:1   | Reached skill level 14 in Maces & Flails
  8782 | Lair:1   | Killed a glowing orange brain
  8942 | Lair:2   | Noticed Harold
  8951 | Lair:2   | Slain by a cane toad

Illustrated notes

Levels and vault maps discovered:
D:1:      dpeg_arrival_windows_large_door, layout_rooms, minmay_heptomino_d4
D:2:      layout_basic, serial_corexii_hall, corexii_hall_statues_i,
          corexii_hall_statues_i, corexii_hall_statues_x, corexii_hall_statues_x
D:3:      layout_loops_ring, hellmonk_ecumenical_altar_lost_god
D:4:      layout_loops_ring, fedhas_altar_3, minmay_distorted
D:5:      layout_gridville, kennysheep_mini, corexii_corridor_pit
D:6:      layout_cave_pools, xom_teletrap_fun, minmay_temple_entry_junction_2,
          nicolae_ossuary_entry_monument, serial_shops, shop,
          serial_column_ruins, column_ruins_hut, column_ruins_columns_straight,
          column_ruins_grid_1, column_ruins_columns_corner, minmay_small_thing
D:7:      layout_cave_pools
D:8:      layout_cave_pools, gammafunk_temple_overflow_forgotten, minivault_14,
          minmay_misc_feat_roman, uniq_joseph
D:9:      layout_irregular_city, nicolae_qazlal_general_emergency,
          mainiacjoe_overflow_small_starburst, grunt_lair_entry_orc_guard_hut,
          minmay_radiant
Lair:1:   layout_long_grid, gammafunk_ghost_ooze, grunt_megastairs_4,
          serial_bayou_shore_b
Lair:2:   layout_roguey, wad_woods_river_02, lemuel_fruit_fields, uniq_harold,
          uniq_gastronok, uniq_erica

Skill      XL: |  1  2  3  4  5  6  7  8  9 10 11 |
---------------+----------------------------------+-----
Fighting       | 4 5 6 7 8 10 | 10.8
Maces & Flails | 4 5 6 7 8 10 11 13 14 | 14.4
Armour         | 3 4 5 6 8 10 11 12 | 12.3
Shields        | 1 2 |  2.2
Dodging        | |  2.5
Stealth        | |  0.2

Action                     |  1- 3 |  4- 6 |  7- 9 | 10-12 || total
---------------------------+-------+-------+-------+-------++-------
  Melee: Mace              |   103 |    97 |   119 |       ||   319
         Headbutt          |    12 |    16 |    38 |    42 ||   108
         Punch             |     2 |     3 |     4 |     1 ||    10
         Morningstar       |       |       |    89 |   136 ||   225
 Invoke: Berserk           |     1 |     6 |    11 |    10 ||    28
         Trog's Hand       |       |       |     1 |       ||     1
    Use: Potion            |       |       |     4 |       ||     4
         Scroll            |       |       |       |    17 ||    17
   Stab: Sleeping          |     1 |       |       |       ||     1
 Armour: Animal skin       |    15 |       |       |       ||    15
         Plate armour      |    50 |    74 |   210 |   170 ||   504
         Ring mail         |     8 |       |       |       ||     8
  Dodge: Dodged            |    37 |    27 |    97 |    54 ||   215
  Block: Other             |       |     2 |       |       ||     2
